 Dungeon Crawl Stone Soup version 0.31-a0-810-ga77100ea1a (webtiles) character file.

Game seed: 18107764320172809061

56914 Shayle the Warrior (level 14, -1/159 HPs)
             Began as an Ogre Hexslinger on Sept 21, 2023.
             Was an Initiate of Gozag.
             Slain by a hog (8 damage)
             ... led by Kirke
             ... on level 4 of the Lair of Beasts.
             The game lasted 01:57:24 (30054 turns).

Shayle the Warrior (Ogre Hexslinger)               Turns: 30054, Time: 01:57:26

Health: -1/159     AC:  0    Str: 15    XL:     14   Next: 83%
Magic:  0/25       EV: 14    Int: 18    God:    Gozag
Gold:   214        SH:  0    Dex: 11    Spells: 26/28 levels left

rFire   . . .        g - melded +6 scimitar (flame)
rCold   . . .        n - melded +4 tower shield
rNeg    . . .        v - melded quicksilver dragon scales "Nur Tokh" {Rampage rElec Will+ Dex-5}
rPois   .            (helmet currently unavailable)
rElec   .            G - melded +2 cloak
rCorr   .            (gloves unavailable)
SInv    .            (boots unavailable)
Will    +....        x - amulet of guardian spirit
Stlth   +            o - melded +4 ring of protection
HPRegen 0.46/turn    R - melded +6 ring of dexterity
MPRegen 0.19/turn

%: guardian spirit
@: pig-form, hasted and slowed, very quick
A: fast, no casting, small, unfitting armour, (tough skin 1)
a: Renounce Religion, Potion Petition, Call Merchant, Bribe Branch


You were on level 4 of the Lair of Beasts.
You worshipped Gozag.
Gozag was aware of your devotion.
You were a filthy swine.
You visited 4 branches of the dungeon, and saw 20 of its levels.
You also visited: Sewer.

You collected 6997 gold pieces.
You spent 2854 gold pieces at shops.
You paid 3929 gold pieces to Gozag.

Inventory:

Hand Weapons
 e - a +4 dagger of venom
 g - a +6 scimitar of flaming (melded)
Missiles
 r - 6 curare-tipped darts (quivered)
 t - 3 throwing nets
 M - 9 large rocks
Armour
 n - a +4 tower shield (melded)
 s - a +2 robe of resistance
 v - the quicksilver dragon scales "Nur Tokh" (melded) {Rampage rElec Will+ Dex-5}
   (You bought it in a shop on level 1 of the Lair of Beasts)

   Dex-5:     It affects your dexterity (-5).
   rElec:     It insulates you from electricity.
   Will+:     It increases your willpower.
   Rampage:   It bestows one free step when moving towards enemies.
 G - a +2 cloak (melded)
Jewellery
 a - a +5 ring of evasion
 j - a ring of wizardry
 o - a +4 ring of protection (melded)
 w - a +6 ring of strength
 x - an amulet of guardian spirit (around neck)
 O - a +6 ring of intelligence
 R - a +6 ring of dexterity (melded)
Talismans
 C - a serpent talisman
Wands
 J - a wand of polymorph (2)
Scrolls
 b - a scroll of teleportation
 f - 4 scrolls of vulnerability
 i - 2 scrolls of revelation
 k - a scroll of fog {unknown}
 q - 2 scrolls of noise
 B - a scroll of brand weapon {unknown}
 D - a scroll of amnesia
 T - a scroll of immolation
Potions
 d - 3 potions of cancellation
 h - a potion of magic
 l - 2 potions of brilliance
 m - a potion of berserk rage
 u - a potion of might
 z - a potion of attraction
 A - 2 potions of lignification
 I - a potion of invisibility {unknown}
 N - a potion of ambrosia {unknown}
 S - a potion of enlightenment


   Skills:
 - Level 15.0 Fighting
 - Level 1.3 Ranged Weapons
 - Level 12.0 Armour
 - Level 1.7 Dodging
 - Level 12.0 Shields
 - Level 7.5 Spellcasting
 - Level 2.6 Hexes
 * Level 11.3 Fire Magic


You had 26 spell levels left.
You knew the following spells:

 Your Spells              Type           Power      Damage    Failure   Level
a - Scorch                Fire           94%        2d8       1%          2

Your spell library contained the following spells:

 Spells                   Type           Power      Damage    Failure   Level
 Inner Flame              Hex/Fire       32%        N/A       1%          3
 Jinxbite                 Hex            32%        N/A       5%          2
 Ensorcelled Hibernation  Hex/Ice        22%        N/A       9%          2
 Flame Wave               Conj/Fire      27%        2d9       10%         4
 Apportation              Tloc           12%        N/A       11%         1
 Sigil of Binding         Hex            16%        N/A       11%         3
 Passwall                 Tmut/Erth      5%         N/A       16%         2
 Swiftness                Air            6%         N/A       30%         3
 Cause Fear               Hex            8%         N/A       34%         4
 Dimensional Bullseye     Hex/Tloc       5%         N/A       52%         4
 Yara's Violent Unravell  Hex/Tmut       5%         3d4       86%         5
 Alistair's Intoxication  Tmut/Pois      4%         N/A       96%         5
 Summon Forest            Summ/Tloc      3%         N/A       96%         5
 Eringya's Noxious Bog    Tmut/Pois      3%         4d6       100%        6
 Summon Cactus Giant      Summ           3%         N/A       100%        6
 Enfeeble                 Hex            8%         N/A       100%        7
 Summon Hydra             Summ           3%         N/A       100%        7


Dungeon Overview and Level Annotations

Branches:
Dungeon (12/15)            Temple (1/1) D:6            Lair (5/5) D:10
 Shoals (0/4) Lair:3       Spider (0/4) Lair:3          Orc (2/2) D:12
  Sewer (visited)
  Slime: Lair:4-5       Elf: Orc:2

Altars:
Ashenzari
Cheibriados
Dithmenos
Elyvilon
Fedhas
Gozag
Hepliaklqana
Kikubaaqudgha
Makhleb
Nemelex Xobeh
Okawaru
Qazlal
Ru
Sif Muna
Trog
Uskayaw
Vehumet
Wu Jian
Xom
Yredelemnul
Zin
The Shining One
Jiyva

Shops:
D:6 :   D:8 ([?*   Orc:2 (   Lair:1 :[

Annotations:
D:8 6 transporters
Lair:3 2 transporters, Etuanuguth's ghost, journeyman MeEE
Lair:4 3 runed translucent doors, exclusion: oklob plant, Kirke; Zoekh's ghost, journeyman DsCK


Innate Abilities, Weirdness & Mutations

You are a filthy swine.
You move quickly.
Your equipment is almost entirely melded.
You are incapable of wielding weapons or throwing items.
You cannot cast spells.
You are too large for most types of armour.
((You have tough skin. (AC +1)))


Message History

You no longer have enough gold to petition Gozag for potion effects.
You feel much better.
You feel better. Magic courses through your body. The hog closely misses you.
Something hits you. The hog misses you. x2
You bite something!
The hog barely misses you. x2; The hog bites you!
You hear some strange, mumbled words.
You feel a momentary urge to oink.
Unknown command.
You closely miss something. The hog bites you!
* * * LOW HITPOINT WARNING * * *
The hog barely misses you. The hog closely misses you.
Something barely misses you.
Unknown command.
You barely miss something. The hog bites you.
* * * LOW HITPOINT WARNING * * *
The hog misses you. The hog closely misses you.
Unknown command.
You bite something! The hog misses you. The hog bites you!
* * * LOW HITPOINT WARNING * * *
Something hits you!
* * * LOW HITPOINT WARNING * * *
The hog barely misses you.
Unknown command.
You can't do that in your present form.
Okay, then.
You hit something. The hog bites you.
* * * LOW HITPOINT WARNING * * *
The hog completely misses you. Something hits you!
* * * LOW HITPOINT WARNING * * *
The hog bites you!
* * * LOW HITPOINT WARNING * * *
Unknown command.
Okay, then.
Aiming: Throw Flame
Press: ? - help, Shift-Dir - straight line The puff of flame hits something.
The now-empty wand crumbles to dust.
The hog bites you.
* * * LOW HITPOINT WARNING * * *
The hog bites you!
You die...
Your body crumbles into a pile of gold.

~≈~~.....)..###..............#
≈≈~.#.#....##......##...#....##
≈≈~..##.##...........###.#....#
≈~~.##.#......#.##....###.....#
~~.##.##....#....#......##....#
~.###.#...#..........#..##....#
....#....#..[⌠...⌠...#..#.....#
.........#.....h{h...#........#
.........#...⌠.hh⌠...........##
......#..##.........##..#....#
######.#....##...#.....#.....#
####....#..#......##.)..#
###..........###.....## # ###
#.#......### #.P....# ###.####
#.#.#+#..## ##....##
P##.##.######.....#.####.....#
............#.....#.....(....#


You could see 3 hogs.

Vanquished Creatures
  Fannar (Lair:2)
  A hydra (Lair:1)
  Erica (Lair:1)
  2 boulder beetles (D:12)
  4 two-headed ogres
  12 death yaks
  Amaemon (Lair:1)
  Sonja (Orc:1)
  A skyshark (Lair:4)
  2 orc knights (Orc:2)
  An ugly thing (D:11)
  An oklob plant (Lair:3)
  2 orc sorcerers (Orc:2)
  A manticore (D:11)
  A cyclops (D:11)
  9 elephants
  A merfolk siren (Lair:3)
  3 torpor snails (Lair:1)
  2 gargoyles
  An unseen horror (D:12)
  8 cane toads
  An orange demon (Lair:1)
  6 rime drakes
  10 komodo dragons
  7 trolls
  3 merfolk
  A polar bear (Lair:2)
  A wind drake (Lair:1)
  A hornet (Lair:3)
  9 dream sheep
  7 blink frogs
  A spriggan (Lair:3)
  A shadow (D:10)
  3 wraiths
  4 wyverns
  49 yaks
  5 basilisks
  A hog (Lair:4)
  A steam dragon (D:8)
  3 acid dragons
  4 wargs
  17 water moccasins
  24 orc warriors
  3 black bears
  A sky beast (D:7)
  10 ogres
  A wolf (Lair:3)
  5 centaurs
  A phantom (D:6)
  5 kobold brigands
  2 gnoll sergeants
  15 bullfrogs
  7 scorpions
  4 killer bees (D:9)
  2 electric eels (D:10)
  5 howler monkeys
  5 hounds
  17 orc priests
  6 jellies
  6 gnoll boudas
  A sleepcap (D:6)
  Jessica (D:2)
  5 iguanas
  18 orc wizards
  4 hell rats (Lair:2)
  38 gnolls
  16 adders
  A river rat (D:3)
  A white imp (D:7)
  A worm (D:3)
  3 dart slugs
  115 orcs
  18 ball pythons
  5 bats
  23 endoplasms
  11 giant cockroaches
  10 goblins
  10 hobgoblins
  13 quokkas
  15 frilled lizards
  27 kobolds
  5 rats
651 creatures vanquished.

Vanquished Creatures (collateral kills)
  Harold (Lair:1)
  A cyclops (Orc:1)
  An elephant (Lair:2)
  A black mamba (Lair:1)
  A cane toad (Lair:1)
  A komodo dragon (Lair:1)
  A water moccasin (Lair:1)
  An orc priest (Orc:1)
8 creatures vanquished.

Vanquished Creatures (others)
  An orc wizard (D:4)
  A kobold (D:8)
2 creatures vanquished.

Grand Total: 661 creatures vanquished

Notes
Turn   | Place    | Note
-------+----------+-------------------------------------------
     0 | D:1      | Shayle the Ogre Hexslinger began the quest for the Orb.
     0 | D:1      | Reached XP level 1. HP: 19/19 MP: 2/2
    17 | D:1      | Reached skill level 1 in Fire Magic
   106 | D:1      | Reached XP level 2. HP: 23/28 MP: 4/4
   108 | D:1      | Reached skill level 2 in Fighting
   504 | D:1      | Reached XP level 3. HP: 36/36 MP: 6/6
   962 | D:2      | Found a faded altar of an unknown god.
   975 | D:2      | Reached skill level 3 in Fighting
   977 | D:2      | Reached XP level 4. HP: 23/45 MP: 7/7
  1276 | D:2      | Noticed Jessica
  1280 | D:2      | Killed Jessica
  1841 | D:3      | Reached XP level 5. HP: 30/54 MP: 9/9
  1906 | D:3      | Found a glowing drain.
  1910 | Sewer    | Entered a sewer
  2093 | Sewer    | Reached skill level 4 in Fighting
  2591 | Sewer    | Reached XP level 6. HP: 27/63 MP: 11/11
  2594 | Sewer    | Reached skill level 5 in Fighting
  3423 | D:4      | Found a hide-covered altar of Uskayaw.
  3449 | D:4      | Reached XP level 7. HP: 70/72 MP: 13/13
  3512 | D:4      | Found a white marble altar of Elyvilon.
  3737 | D:4      | Reached skill level 6 in Fighting
  3888 | D:4      | Reached skill level 5 in Spellcasting
  4262 | D:5      | Entered Level 5 of the Dungeon
  4372 | D:5      | Reached XP level 8. HP: 74/74 MP: 16/16
  4603 | D:5      | Reached skill level 7 in Fighting
  4820 | D:4      | Reached skill level 5 in Fire Magic
  5281 | D:5      | Reached skill level 1 in Shields
  5544 | D:5      | Found a bloodstained altar of Trog.
  6019 | D:6      | Noticed a wraith
  6031 | D:6      | Identified a scroll of acquirement
  6031 | D:6      | Acquired 907 gold pieces
  6137 | D:6      | Found Micsaite's Book Shop.
  6159 | D:6      | Found a staircase to the Ecumenical Temple.
  6170 | Temple   | Entered the Ecumenical Temple
  6197 | Temple   | Became a worshipper of Gozag Ym Sagoz the Greedy
  6232 | D:6      | Reached XP level 9. HP: 96/96 MP: 18/18
  6408 | D:6      | Reached skill level 5 in Shields
  6891 | D:6      | You fall into a shaft and drop 1 floor!
  7182 | D:7      | Found a burning altar of Makhleb.
  7515 | D:7      | Found a snail-covered altar of Cheibriados.
  8660 | D:7      | Found a basalt altar of Yredelemnul.
  8680 | D:7      | Reached XP level 10. HP: 99/104 MP: 17/19
  8826 | D:7      | Found a shadowy altar of Dithmenos.
  9203 | D:8      | Reached skill level 10 in Shields
  9276 | D:8      | Found a transporter.
  9336 | D:8      | Found a transporter.
  9383 | D:8      | Found a transporter.
  9384 | D:8      | Found a transporter.
  9654 | D:8      | Found Gaenkudo's Weapon Emporium.
  9654 | D:8      | Found Vympeiw's Antique Armour Emporium.
  9714 | D:8      | Found Vaegus's Magic Scroll Emporium.
  9715 | D:8      | Found Vyetieje's General Store.
  9725 | D:8      | Bought a potion of curing for 45 gold pieces
  9729 | D:8      | Bought a scroll of blinking for 120 gold pieces
  9729 | D:8      | Bought a scroll of teleportation for 48 gold pieces
  9729 | D:8      | Bought a scroll of teleportation for 48 gold pieces
  9729 | D:8      | Bought a scroll of amnesia for 64 gold pieces
  9729 | D:8      | Bought a scroll of fear for 64 gold pieces
  9828 | D:8      | Found a transporter.
  9829 | D:8      | Found a transporter.
 11591 | D:9      | Reached skill level 8 in Fighting
 11864 | D:10     | Entered Level 10 of the Dungeon
 11981 | D:10     | Reached XP level 11. HP: 44/113 MP: 10/21
 12301 | D:10     | Found a shimmering altar of Xom.
 12302 | D:10     | Found a sparkling altar of Nemelex Xobeh.
 12302 | D:10     | Found an ornate altar of the Wu Jian Council.
 12306 | D:10     | Found a sacrificial altar of Ru.
 12306 | D:10     | Found a radiant altar of Vehumet.
 12326 | D:10     | Found a broken altar of Ashenzari.
 12372 | D:10     | Found a shimmering blue altar of Sif Muna.
 12599 | D:10     | Found a staircase to the Lair.
 12691 | Lair:1   | Entered Level 1 of the Lair of Beasts
 12712 | Lair:1   | Reached skill level 9 in Fighting
 12986 | D:10     | Reached skill level 1 in Armour
 13352 | Lair:1   | Noticed Erica
 13389 | Lair:1   | Killed Erica
 13504 | Lair:1   | Reached skill level 10 in Fighting
 13659 | Lair:2   | Noticed a death yak
 13660 | Lair:2   | Noticed a death yak
 13661 | Lair:2   | Noticed a death yak
 13661 | Lair:2   | Noticed a death yak
 13662 | Lair:2   | Noticed a death yak
 14519 | Lair:2   | Reached skill level 5 in Armour
 14536 | Lair:2   | Reached skill level 11 in Fighting
 14733 | Lair:1   | Reached XP level 12. HP: 127/130 MP: 21/23
 14749 | Lair:1   | Noticed Harold
 14780 | Lair:1   | Killed Harold
 15493 | Lair:1   | Noticed Amaemon
 15507 | Lair:1   | Reached skill level 12 in Fighting
 15510 | Lair:1   | Killed Amaemon
 15734 | Lair:1   | Noticed an eight-headed hydra
 15752 | Lair:1   | Killed a one-headed hydra
 17337 | Lair:2   | Reached skill level 13 in Fighting
 17573 | Lair:2   | Noticed a death yak
 18034 | Lair:1   | Killed a death yak
 18174 | Lair:2   | Noticed Fannar
 18185 | Lair:2   | Killed Fannar
 18394 | Lair:1   | Killed a death yak
 18395 | Lair:1   | Reached XP level 13. HP: 61/144 MP: 9/24
 18974 | D:10     | Found an iron altar of Okawaru.
 19577 | D:11     | Reached skill level 14 in Fighting
 19997 | D:11     | Reached skill level 10 in Armour
 20832 | D:12     | Found a staircase to the Orcish Mines.
 22696 | Lair:2   | Reached skill level 15 in Fighting
 23119 | Lair:1   | Bought a book of Scorching for 450 gold pieces
 23122 | Lair:1   | Learned a level 2 spell: Scorch
 23452 | Lair:3   | Found a transporter.
 23495 | Lair:3   | Noticed Etuanuguth's ghost (journeyman MeEE)
 23884 | Lair:4   | Found a viscous altar of Jiyva.
 24089 | Lair:4   | Found a runed translucent gate.
 24090 | Lair:4   | Found a runed translucent gate.
 24091 | Lair:4   | Found a runed translucent gate.
 24423 | Lair:3   | Found a staircase to the Shoals.
 24441 | Lair:3   | Found a transporter.
 24485 | Lair:3   | Reached XP level 14. HP: 155/159 MP: 25/25
 24554 | Lair:3   | Found a hole to the Spider Nest.
 25472 | Orc:1    | Entered Level 1 of the Orcish Mines
 25548 | Orc:2    | Entered Level 2 of the Orcish Mines
 26038 | Lair:1   | Bought crude quicksilver dragon scales for 2015 gold pieces
 26038 | Lair:1   | Identified the quicksilver dragon scales "Nur Tokh"
                  | {Rampage rElec Will+ Dex-5} (You bought it in a shop on
                  | level 1 of the Lair of Beasts)
 27187 | Orc:2    | Found Buxoneh's Weapon Boutique.
 27221 | Orc:1    | Noticed Sonja
 27243 | Orc:1    | Killed Sonja
 28206 | Lair:2   | Reached skill level 10 in Fire Magic
 29334 | Lair:4   | Noticed Zoekh's ghost (journeyman DsCK)
 29685 | Lair:5   | Entered Level 5 of the Lair of Beasts
 30020 | Lair:5   | Noticed Kirke
 30054 | Lair:4   | HP: 7/159 [hog[Kirke] (3)]
 30054 | Lair:4   | Slain by a hog

Illustrated notes

Levels and vault maps discovered:
D:1:      denvon_arrival_planthouse, layout_rooms, nrook_uturn
D:2:      layout_basic, nicolae_ecumenical_snake_handling, uniq_jessica
D:3:      layout_basic, gup_sewer_entry_bowl
D:4:      layout_basic, kennysheep_little_box, mainiacjoe_overflow_boulevard
D:5:      layout_rooms, kennysheep_mini
D:6:      layout_rooms, minmay_temple_entry_drinking_statues, serial_shops,
          shop, nzn_random_ring
D:7:      corexii_shantytown, layout_cave_pools,
          mainiacjoe_overflow_tiny_flanked, nicolae_overflow_crystal_walls,
          lemuel_coloured_pillars_altar, mainiacjoe_overflow_24_doors
D:8:      layout_basic, minmay_shop_grid_forest, serial_nicolae_subway,
          nicolae_sub_station_crystal, nicolae_sub_station_metal,
          nicolae_sub_station_stone
D:9:      layout_roguey
D:10:     layout_long_grid, grunt_temple_overflow_open,
          hellmonk_okawaru_the_only_friend_you_need,
          mainiacjoe_overflow_alcove_4, grunt_lair_entry_orc_guard_hut,
          special_room [special_room_orc], minivault_14
D:11:     layout_big_octagon
D:12:     layout_roguey, minmay_orc_entry_temple_small,
          ebering_ghost_inner_flame
Temple:   hellmonk_temple_of_storms
Lair:1:   layout_cave_pods, minmay_shattered_shrine, lemuel_fruit_tree,
          serial_bayou_shore_b, uniq_erica, uniq_amaemon, uniq_harold
Lair:2:   layout_chaotic_city, grunt_megastairs_1, uniq_fannar
Lair:3:   layout_long_grid, elwin_shoals_entry_stream, dummy_spider_entry,
          gammafunk_ghost_berserking_beasts, st_stairs_8,
          grunt_forest_large_clearings, infiniplex_staircase_pool
Lair:4:   layout_long_grid, minmay_slime_entry_oklob_enclosed,
          gammafunk_ghost_hydra_chop, grunt_megastairs_2,
          infiniplex_staircase_pool_2
Lair:5:   minmay_lair_end_frog_pond, layout_cave_pods, grunt_megastairs_3,
          serial_bayou_shore_b, uniq_kirke
Orc:1:    layout_caves, mines5_lemuel, uniq_sonja
Orc:2:    pubby_orc_utopia

Skill      XL: |  1  2  3  4  5  6  7  8  9 10 11 12 13 14 |
---------------+-------------------------------------------+-----
Fire Magic     | 1 2 3 4 5 6 7 11 | 11.3
Fighting       | 2 3 4 5 6 7 8 11 13 15 | 15.0
Spellcasting   | 2 3 4 5 6 7 |  7.5
Shields        | 4 9 12 | 12.0
Armour         | 5 9 11 12 | 12.0
Ranged Weapons | |  1.3
Dodging        | |  1.7
Hexes          | |  2.6

Action                     |  1- 3 |  4- 6 |  7- 9 | 10-12 | 13-15 || total
---------------------------+-------+-------+-------+-------+-------++-------
  Melee: Dagger            |    35 |   262 |   655 |   579 |       ||  1531
         Punch             |       |     5 |     3 |       |       ||     8
         Flail             |       |       |     6 |       |       ||     6
         Scimitar          |       |       |       |   316 |  1169 ||  1485
         Unarmed           |       |       |       |       |     7 ||     7
   Fire: Sling             |    57 |       |       |       |       ||    57
  Throw: Dart              |       |       |       |    17 |    32 ||    49
         Throwing net      |       |       |       |     2 |       ||     2
   Cast: Scorch            |       |       |       |       |    45 ||    45
 Invoke: Potion Petition   |       |       |       |     2 |     3 ||     5
         Call Merchant     |       |       |       |     2 |       ||     2
  Evoke: Wand              |       |       |       |    22 |    25 ||    47
    Use: Scroll            |       |     1 |    17 |    14 |    11 ||    43
         Potion            |       |       |     2 |     3 |     6 ||    11
   Stab: Sleeping          |       |       |     1 |     1 |       ||     2
         Distracted        |       |       |       |     2 |     3 ||     5
         Paralysed         |       |       |       |       |     8 ||     8
 Armour: Robe              |    41 |   147 |   470 |   577 |   492 ||  1727
         Quicksilver drago |       |       |       |       |   376 ||   376
         Skin              |       |       |       |       |    27 ||    27
  Dodge: Dodged            |    38 |   152 |   191 |   174 |   293 ||   848
  Block: Tower shield      |       |       |   414 |  1018 |  1519 ||  2951

Table legend: (Time is in decaauts)
 A = Elapsed time spent in this place.
 B = Non-inter-level travel time spent in this place.
 C = Inter-level travel time spent in this place.
 D = Time resting spent in this place.
 E = Time spent auto-exploring this place.
 F = Levels seen in this place.
 G = Mean time per level.
                   A        B        C        D        E       F      G
               +--------+--------+--------+--------+--------+-----+--------+
         Total |  31422 |  29875 |   1547 |   8764 |  10533 |  21 | 1496.3 |
       Dungeon |  15823 |  14764 |   1059 |   3253 |   6489 |  12 | 1318.6 |
        Temple |     45 |      3 |     42 |      0 |      0 |   1 |   45.0 |
          Lair |  12539 |  12110 |    429 |   4629 |   3464 |   5 | 2507.8 |
  Orcish Mines |   2172 |   2155 |     17 |    456 |    561 |   2 | 1086.0 |
         Sewer |    840 |    840 |      0 |    426 |     19 |   1 |  840.0 |
               +--------+--------+--------+--------+--------+-----+--------+

Top non-repeatable levels by time:
  Lair:1: 5038 daAuts
  Lair:2: 3886 daAuts
     D:6: 2167 daAuts
    D:10: 2012 daAuts
  Lair:3: 1858 daAuts
     D:7: 1729 daAuts
  Lair:4: 1626 daAuts
     D:4: 1490 daAuts
     D:8: 1447 daAuts
   Orc:2: 1416 daAuts
    D:12: 1285 daAuts
    D:11: 1223 daAuts
     D:9: 1194 daAuts
     D:2: 981 daAuts
     D:3: 875 daAuts
